[Event "*** Titled Tuesday Blitz"]
[Site "Chess.com"]
[Date "2020.04.07"]
[Round "8"]
[White "zivicd"]
[Black "ethylalcohol"]
[Result "0-1"]
[WhiteElo "2263"]
[BlackElo "2158"]
[TimeControl "180+1"]
[EndTime "14:33:07 PDT"]
[Termination "ethylalcohol won by resignation"]

1. e4 e6 2. d4 d5 3. Nd2 Nf6 4. e5 Nfd7 5. c3 c5 6. Bd3 Nc6 7. Ne2 Qb6 8. Nf3 f6 9. exf6 Nxf6 10. O-O Bd6 11. a3 a5 12. dxc5 Bxc5 13. Ng3 O-O 14. Qe2 Bd7 15. Bg5 Rae8 16. b4 axb4 17. axb4 Bd6 18.
Be3 Qc7 19. b5 Nd8 20. b6 Qb8 21. c4 e5 22. Bf5 e4 23. Nd4 Bxg3 24. fxg3 Qe5 25. c5 Nc6 26. Bxd7 Nxd4 27. Qf2 Nxd7 28. Bxd4 Rxf2 29. Bxe5 Rxf1+ 30. Kxf1 Nxe5 31. Ra7 Rb8 32. Ke2 Nc6 33. Ra4 d4 0-1

[Event "*** Titled Tuesday Blitz"]
[Site "Chess.com"]
[Date "2020.04.07"]
[Round "8"]
[White "Mr_Sinigami"]
[Black "JonahWillow"]
[Result "1-0"]
[WhiteElo "2623"]
[BlackElo "2754"]
[TimeControl "180+1"]
[EndTime "14:33:10 PDT"]
[Termination "Mr_Sinigami won by resignation"]

1. d4 Nf6 2. Nf3 e6 3. Bf4 c5 4. e3 cxd4 5. exd4 b6 6. Be2 Bb7 7. O-O Be7 8. a4 a6 9. h3 O-O 10. Na3 d6 11. Re1 Nbd7 12. Nc4 Qc7 13. Bd3 Rfe8 14. c3 Bf8 15. Bh2 Rac8 16. Qe2 Qb8 17.
Nfd2 Qa8 18. f3 e5 19. dxe5 dxe5 20. Nxe5 Nxe5 21. Bxe5 Bc5+ 22. Kh1 Bd6 23. f4 Nd5 24. Qg4 Bxe5 25. fxe5 Rcd8 26. Nf3 g6 27. Bc4 Bc8 28. Qe4 Bf5 29. Qh4 Kg7 30. Rad1 Qc6 31. Bxd5 Rxd5 32. Qf6+ Qxf6 33. exf6+ Kxf6 34. Rxd5 1-0

[Event "*** Titled Tuesday Blitz"]
[Site "Chess.com"]
[Date "2020.04.07"]
[Round "8"]
[White "AsaHoffmann"]
[Black "maxip32"]
[Result "0-1"]
[WhiteElo "2246"]
[BlackElo "2459"]
[TimeControl "180+1"]
[EndTime "14:33:10 PDT"]
[Termination "maxip32 won on time"]

1. d4 Nf6 2. Bg5 c5 3. d5 Ne4 4.
Bf4 Qb6 5. b3 Qf6 6. Bxb8 Qxa1 7.
Bf4 Nc3 8. Nxc3 Qxc3+ 9. Bd2 Qf6 10. e4 e6 11. Nf3 exd5 12. exd5 Bd6 13. Bg5 Qg6 14. Bd3 Qh5 15. Qe2+ Kf8 16. O-O f6 17. Bd2 Qe8 18. Be3 b6 19. Nd2 Qe7 20. Qf3 Bb7 21.
c4 Re8 22. Ne4 Be5 23. Ng3 d6 24. Nf5 Qc7 25. Qh5 Bc8 26. g4 Bxf5 27. Bxf5 Qf7 28. Qh3 g6 29. Be6 Rxe6 30. dxe6 Qxe6 0-1

[Event "*** Titled Tuesday Blitz"]
[Site "Chess.com"]
[Date "2020.04.07"]
[Round "8"]
[White "Sam_ChessMood"]
[Black "Keranke"]
[Result "1-0"]
[WhiteElo "2925"]
[BlackElo "2793"]
[TimeControl "180+1"]
[EndTime "14:33:11 PDT"]
[Termination "Sam_ChessMood won by resignation"]

1. e4 g6 2. d4 Bg7 3. Nf3 d6 4. Bc4 Nf6 5. Qe2 O-O 6. O-O c6 7. Bb3 Qc7 8. e5 dxe5 9. dxe5 Nd5 10. h3 Na6 11. c3 Nc5 12. Bc2 a5 13. a3 b6 14. Rd1 Ba6 15. c4 Rfd8 16. Rd4 e6 17. Bg5 Ne7 18. Rxd8+ Rxd8 19. b4 Nb7 20. Nc3 Rd7 21.
Ne4 h6 22. Nf6+ Bxf6 23. Bxf6 Nf5 24. b5 cxb5 25. cxb5 Bxb5 26. Qxb5 Rd5 27. Qe8+ 1-0

[Event "*** Titled Tuesday Blitz"]
[Site "Chess.com"]
[Date "2020.04.07"]
[Round "8"]
[White "Skatchkov_V"]
[Black "2L8IWUN"]
[Result "1-0"]
[WhiteElo "2552"]
[BlackElo "2381"]
[TimeControl "180+1"]
[EndTime "14:33:11 PDT"]
[Termination "Skatchkov_V won by resignation"]

1. d4 Nf6 2. c4 e6 3. Nf3 d5 4. g3 dxc4 5. Bg2 a6 6. O-O Nc6 7. e3 Rb8 8. Nfd2 e5 9. Bxc6+ bxc6 10. dxe5 Ng4 11. Nxc4 Be6 12. b3 h5 13. h3 Bxc4 14.
bxc4 Nxe5 15. Qc2 Qd7 16. Kg2 Be7 17. Bb2 Qe6 18. Nd2 f5 19. Bxe5 Qxe5 20. Nf3 Qe6 21. Nd4 Qe4+ 22. Qxe4 fxe4 23. Nxc6 Rb6 24. Nxe7 Kxe7 25.
Rfd1 Rd8 26. Rxd8 Kxd8 27. Rd1+ Ke7 28. Rd5 g6 29. Re5+ Kd6 30. Rxe4 Rb2 31. a4 Ra2 32. g4 c5 33. g5 Rxa4 34. Rf4 Ke5 35. Rf6 a5 36.
f4+ Ke4 37. Re6+ Kd3 38. Rxg6 Kxe3 39. Kg3 Rxc4 40. Re6+ Kd4 41. g6 Rb4 42. g7 Rb8 43.
f5 Kd5 44. Re1 Rg8 45. f6 c4 46.
Kf4 c3 47. f7 Rxg7 48. f8=Q Ra7 49. Re5+ Kc4 50. Qc5+ Kb3 51. Qxa7 1-0

[Event "*** Titled Tuesday Blitz"]
[Site "Chess.com"]
[Date "2020.04.07"]
[Round "8"]
[White "Mikromurks"]
[Black "Harry_Rakkel"]
[Result "0-1"]
[WhiteElo "2321"]
[BlackElo "2496"]
[TimeControl "180+1"]
[EndTime "14:33:11 PDT"]
[Termination "Harry_Rakkel won by resignation"]

1. d4 Nf6 2. Bg5 d5 3. Nd2 e6 4. e3 Nbd7 5. Bd3 h6 6. Bh4 c5 7.
c3 Be7 8. Ngf3 c4 9. Bc2 b5 10. O-O Bb7 11. Ne5 g5 12. Bg3 h5 13. f4 gxf4 14.
Bxf4 Qb6 15. Kh1 h4 16. h3 Nf8 17. Qf3 Rg8 18. Rae1 b4 19. e4 bxc3 20. bxc3 Qa5 21.
Qd1 Rd8 22. Ba4+ N8d7 23. exd5 Bxd5 24. Ndxc4 Qxc3 25. Ne3 Bxg2+ 26. Kh2 Bxf1 27. Rxf1 Qb2+ 28. Rf2 Qxf2+ 0-1

[Event "*** Titled Tuesday Blitz"]
[Site "Chess.com"]
[Date "2020.04.07"]
[Round "8"]
[White "MaxLeto"]
[Black "Quiet_Desperation"]
[Result "1-0"]
[WhiteElo "2287"]
[BlackElo "2031"]
[TimeControl "180+1"]
[EndTime "14:33:11 PDT"]
[Termination "MaxLeto won by resignation"]

1. e4 e6 2. d4 d5 3. Nc3 Nf6 4. e5 Nfd7 5. f4 c5 6. Nf3 Nc6 7. Ne2 cxd4 8. Nexd4 Nxd4 9. Nxd4 Nc5 10. Be2 f6 11. O-O Be7 12. f5 O-O 13. exf6 Bxf6 14. Nxe6 Nxe6 15. fxe6 Bxe6 16. c3 Be5 17. Rxf8+ Qxf8 18. Be3 Qd6 19. h3 Rf8 20. Qd2 Kh8 21. Rd1 Bh2+ 22.
Kh1 Bg3 23. c4 Qe5 24. Bd4 Qf5 25. Bg4 Qf7 26. Bxe6 Qxe6 27. cxd5 Qd7 28. Bxa7 h6 29. Bc5 Rf2 30. Bxf2 1-0

[Event "*** Titled Tuesday Blitz"]
[Site "Chess.com"]
[Date "2020.04.07"]
[Round "8"]
[White "AndreyNeves"]
[Black "Lony7"]
[Result "0-1"]
[WhiteElo "2197"]
[BlackElo "2407"]
[TimeControl "180+1"]
[EndTime "14:33:12 PDT"]
[Termination "Lony7 won by resignation"]

1. d4 Nf6 2. c4 g6 3. Nc3 Bg7 4. e4 O-O 5. Be2 d6 6. Bg5 Na6 7. Qd2 Qe8 8. h4 e5 9. d5 Nc5 10. f3 Nh5 11. O-O-O f5 12. Bh6 Ng3 13. Bxg7 Kxg7 14.
Rh2 fxe4 15. Nh3 Nxe2+ 16. Qxe2 exf3 17. gxf3 Bxh3 18. Rxh3 Rf4 19. h5 g5 20. h6+ Kh8 21. Rg1 Qg6 22. Rhg3 Qxh6 23. Rxg5 Raf8 24. Kb1 R4f5 25. Qg2 Rxg5 26. Qxg5 Qxg5 27. Rxg5 Rxf3 28. Nb5 e4 29. Nxc7 e3 30. Ne8 e2 0-1

[Event "*** Titled Tuesday Blitz"]
[Site "Chess.com"]
[Date "2020.04.07"]
[Round "8"]
[White "Agent-JL"]
[Black "Rish_97"]
[Result "0-1"]
[WhiteElo "2433"]
[BlackElo "2575"]
[TimeControl "180+1"]
[EndTime "14:33:13 PDT"]
[Termination "Rish_97 won on time"]

1. b3 Nf6 2. Bb2 d6 3. Nf3 g6 4. d4 Bg7 5. g3 O-O 6. Bg2 b5 7. a4 bxa4 8. Rxa4 Bb7 9. O-O Nbd7 10. Nbd2 c5 11. Ra1 Qc7 12. c4 cxd4 13. Bxd4 a5 14. Qc2 Nc5 15. Qb2 Rfb8 16. Qa3 Nfe4 17. Bxg7 Kxg7 18. Rfd1 Nxd2 19. Rxd2 Bxf3 20. Qb2+ Kg8 21. Bxf3 Nxb3 22. Bxa8 Nxa1 23. Qxa1 Rxa8 24. Qd4 a4 25. Ra2 h5 26. c5 Qxc5 27. Qe4 d5 28. Qd3 a3 29. Kg2 Qc4 30. Qd2 d4 31. f3 Qc3 32.
Rc2 Qxd2 33. Rxd2 a2 0-1

[Event "*** Titled Tuesday Blitz"]
[Site "Chess.com"]
[Date "2020.04.07"]
[Round "8"]
[White "asms9699"]
[Black "Gordima"]
[Result "1-0"]
[WhiteElo "2661"]
[BlackElo "2777"]
[TimeControl "180+1"]
[EndTime "14:33:16 PDT"]
[Termination "asms9699 won by resignation"]

1. c4 c5 2. g3 g6 3. Bg2 Bg7 4. Nc3 Nc6 5. Nf3 d6 6. O-O e6 7. a3 Nge7 8. Rb1 a5 9. d3 O-O 10.
Ne1 b6 11. Nc2 Bb7 12. Bd2 a4 13. Ne3 f5 14. Re1 f4 15. Nf1 e5 16. Nxa4 g5 17.
b4 cxb4 18. Bxb4 f3 19. exf3 Nd4 20. Nd2 Bc6 21. Nc3 Nef5 22. Nd5 h5 23. Bc3 Rxa3 24. Nb3 Ba4 25. Nxd4 Nxd4 26. Qc1 Nxf3+ 27. Bxf3 Rxf3 28. Qxa3 1-0

[Event "*** Titled Tuesday Blitz"]
[Site "Chess.com"]
[Date "2020.04.07"]
[Round "8"]
[White "ChelsieMonica"]
[Black "dmosesov"]
[Result "0-1"]
[WhiteElo "2255"]
[BlackElo "2494"]
[TimeControl "180+1"]
[EndTime "14:33:16 PDT"]
[Termination "dmosesov won by checkmate"]

1. c4 e5 2. Nc3 Bb4 3. e3 Bxc3 4. bxc3 d6 5. d4 Nc6 6. Nf3 e4 7. Nd2 f5 8. Ba3 Nf6 9. c5 d5 10. c4 O-O 11. Rb1 Kh8 12. Be2 f4 13. cxd5 Nxd5 14.
Nxe4 Bf5 15. Bd3 fxe3 16. O-O Bxe4 17. Bxe4 Nc3 18. Qd3 Nxb1 19. Qxb1 Qxd4 20. Bxh7 e2 21. Bg6 exf1=Q+ 22. Qxf1 Rad8 23. Bh5 Qh4 24. Bf3 Rxf3 25.
gxf3 Ne5 26. Qe2 Qf4 27. Kg2 Rf8 28. c6 Nxc6 29. Bxf8 Qxf8 30. Qb5 Nd8 31. Qa5 Ne6 32. Qxa7 Nf4+ 33. Kf1 Qd6 34. Ke1 Qd3 35. Qe3 Ng2# 0-1

[Event "*** Titled Tuesday Blitz"]
[Site "Chess.com"]
[Date "2020.04.07"]
[Round "8"]
[White "Berant"]
[Black "Zq1"]
[Result "0-1"]
[WhiteElo "2378"]
[BlackElo "2554"]
[TimeControl "180+1"]
[EndTime "14:33:17 PDT"]
[Termination "Zq1 won on time"]

1. e4 c5 2. Nf3 d6 3. Bb5+ Bd7 4. Bxd7+ Nxd7 5. d4 cxd4 6. Qxd4 Ngf6 7. c4 g6 8. Nc3 Bg7 9. Be3 O-O 10. Qd2 Rc8 11. Qe2 Qc7 12. Nd2 Nb6 13. b3 Ng4 14. Qxg4 Bxc3 15.
Rc1 Bg7 16. O-O Nd7 17. h4 Qa5 18. Qxd7 Qxa2 19. Qxe7 Qa6 20. Nf3 Rce8 21. Qd7 Rxe4 22. Rfd1 Re6 23. Ng5 Rf6 24. Ne4 Re6 25. Rxd6 Rxd6 26.
Qxd6 Qa2 27. Nf6+ Kh8 28. Bd4 Qd2 29. Rf1 Qd3 30. Re1 Qd2 31. Rf1 Qd3 32. Ra1 h5 33.
Rxa7 Qxb3 34. Nd5 Qd1+ 35. Kh2 Qxd4 36. Rxb7 Be5+ 37. f4 Bxd6 0-1

[Event "*** Titled Tuesday Blitz"]
[Site "Chess.com"]
[Date "2020.04.07"]
[Round "8"]
[White "MasterKroket"]
[Black "levallem"]
[Result "1-0"]
[WhiteElo "2470"]
[BlackElo "2125"]
[TimeControl "180+1"]
[EndTime "14:33:17 PDT"]
[Termination "MasterKroket won by resignation"]

1. d4 Nf6 2. c4 e6 3. Nf3 b6 4.
a3 Bb7 5. Nc3 d5 6. cxd5 Nxd5 7.
Qc2 Nd7 8. Bd2 N7f6 9. Rc1 c5 10. dxc5 Bxc5 11. b4 Be7 12. e4 Nxc3 13. Bxc3 Bxe4 14. Bb5+ Kf8 15. Qe2 Bd5 16. O-O Ne4 17. Be5 Rc8 18. Ba6 Rc6 19. Nd4 Rc3 20. Nb5 Rc6 21. Nxa7 Qa8 22. Nxc6 Bxc6 23. b5 Bb7 24. Rc7 Nc5 25. Bxb7 Nxb7 26. Qe4 f6 27. Qxb7 Qxb7 28. Rxb7 Kf7 29. Bd6 Re8 30. Bxe7 1-0

[Event "*** Titled Tuesday Blitz"]
[Site "Chess.com"]
[Date "2020.04.07"]
[Round "8"]
[White "Playgood28"]
[Black "benko_008"]
[Result "0-1"]
[WhiteElo "2234"]
[BlackElo "2399"]
[TimeControl "180+1"]
[EndTime "14:33:18 PDT"]
[Termination "benko_008 won by resignation"]

1. d4 d5 2. c4 e6 3. Nc3 Nf6 4. Bg5 Nbd7 5. cxd5 exd5 6. e3 c6 7. Nf3 Be7 8. Be2 Nh5 9. Bxe7 Qxe7 10. O-O Nhf6 11.
Rb1 O-O 12. b4 Nb6 13. b5 Bf5 14. Bd3 Bxd3 15. Qxd3 c5 16. dxc5 Qxc5 17. a4 Qc4 18. Ne5 Qh4 19. a5 Nc4 20. Nxc4 dxc4 21. Qd4 Qxd4 22.
exd4 Rfd8 23. Rfd1 Nd5 24. Nxd5 Rxd5 25. Rb4 Rc8 26.
Kf1 a6 27. bxa6 bxa6 28. Rdb1 Rxd4 29. Rb6 c3 30. Rc6 Rdd8 31. Rxc8 Rxc8 32. Ke2 Kf8 33. Kd3 c2 34. Rc1 Ke7 35. Rxc2 Rxc2 36. Kxc2 Kd6 37. Kd3 Kc5 38. f4 Kb5 39. Kd4 Kxa5 40. Kd5 Kb4 41. Kd6 a5 42. f5 a4 43. Ke7 f6 44. Kf7 a3 45. Kxg7 a2 46. Kxf6 a1=Q+ 0-1

[Event "*** Titled Tuesday Blitz"]
[Site "Chess.com"]
[Date "2020.04.07"]
[Round "8"]
[White "vladimirdamjanovic"]
[Black "Lagmantr"]
[Result "0-1"]
[WhiteElo "2534"]
[BlackElo "2742"]
[TimeControl "180+1"]
[EndTime "14:33:19 PDT"]
[Termination "Lagmantr won by resignation"]

1. d4 d5 2. c4 dxc4 3. e3 e5 4. Bxc4 exd4 5. exd4 Nf6 6. Qb3 Qe7+ 7. Ne2 Qb4+ 8. Nbc3 Qxb3 9. Bxb3 c6 10. O-O Bd6 11. Bg5 Nbd7 12. Ng3 O-O 13. Nf5 Bc7 14. Rfe1 h6 15.
Bh4 Nb6 16. Nxh6+ Kh7 17. Nxf7 Nbd5 18. Nxd5 cxd5 19. Ne5 Bf5 20. f3 a5 21. a4 Ra6 22.
Rac1 Bb8 23. g4 Bc8 24. g5 Nh5 25. Bxd5 Nf4 26. Be4+ Bf5 27. Bxf5+ Rxf5 28. g6+ Nxg6 29. Bg3 Ba7 30. Re4 Nxe5 31. Bxe5 Rxe5 32. Rh4+ Rh6 33. Rxh6+ Kxh6 0-1

[Event "*** Titled Tuesday Blitz"]
[Site "Chess.com"]
[Date "2020.04.07"]
[Round "8"]
[White "Jenia84"]
[Black "bazar-wokzal"]
[Result "0-1"]
[WhiteElo "2301"]
[BlackElo "2525"]
[TimeControl "180+1"]
[EndTime "14:33:19 PDT"]
[Termination "bazar-wokzal won by resignation"]

1. Nf3 c5 2. g3 Nc6 3. Bg2 e5 4. O-O g5 5. d3 g4 6. Ne1 h5 7.
f3 d6 8. fxg4 Bxg4 9. Qd2 Bh6 10. e3 Qg5 11. Qf2 Rh7 12. Nc3 O-O-O 13. h4 Qg7 14. Nd5 f5 15. Nf3 Nge7 16. Nxe7+ Qxe7 17. Nh2 f4 18. exf4 exf4 19. Bxf4 Ne5 20. Rae1 Rf8 21. Nxg4 hxg4 22. Qe3 Bxf4 23. Rxf4 Rxf4 24.
gxf4 Qxh4 25. Qe4 Nf3+ 26. Bxf3 gxf3 27. Qf5+ Kc7 28. Kf1 Qh1+ 29. Kf2 Qg2+ 30. Ke3 Re7+ 0-1

[Event "*** Titled Tuesday Blitz"]
[Site "Chess.com"]
[Date "2020.04.07"]
[Round "8"]
[White "korbul"]
[Black "ajian"]
[Result "1-0"]
[WhiteElo "2568"]
[BlackElo "2402"]
[TimeControl "180+1"]
[EndTime "14:33:20 PDT"]
[Termination "korbul won on time"]

1. d4 d5 2. c4 e6 3. Nc3 Nf6 4. Nf3 Nbd7 5. Bf4 dxc4 6. e4 Bb4 7. Bxc4 Nxe4 8. O-O Nxc3 9. bxc3 Bd6 10. Bg5 Be7 11. h4 h6 12. Bxe7 Qxe7 13. Re1 O-O 14. Qe2 Nb6 15.
Bd3 c5 16. Qe4 f5 17. Qe5 cxd4 18. cxd4 Qf6 19. Qc7 Nd5 20. Qd6 Rd8 21. Qg3 b6 22. Re2 Bb7 23. Rae1 Re8 24. Bb5 Re7 25. Ne5 f4 26. Qh3 Rc8 27. Bc4 Kh8 28. h5 Ree8 29. Ng6+ Kh7 30. Bd3 Kg8 31. Rxe6 Rxe6 32. Rxe6 Qf7 33.
Ne7+ Kh8 34. Ng6+ Kg8 35. Re7 Qf6 36. Rxb7 f3 37. Qxc8+ 1-0

[Event "*** Titled Tuesday Blitz"]
[Site "Chess.com"]
[Date "2020.04.07"]
[Round "8"]
[White "BvsN"]
[Black "Yanidze"]
[Result "0-1"]
[WhiteElo "2307"]
[BlackElo "2460"]
[TimeControl "180+1"]
[EndTime "14:33:20 PDT"]
[Termination "Yanidze won by resignation"]

1. d4 g6 2. e4 d6 3. Nc3 Nf6 4. Be3 a6 5. h3 b5 6. e5 Nfd7 7. Qf3 c6 8. exd6 exd6 9. O-O-O Bg7 10. h4 h5 11. Bg5 Nf6 12. Re1+ Be6 13. d5 cxd5 14.
Nxd5 Nbd7 15. Nc7+ Qxc7 16. Qxa8+ Ke7 17. Qf3 Rc8 18.
Bd3 Ne5 19. Qe2 Kf8 20. Nf3 Nxd3+ 21. Qxd3 Bf5 22. Qc3 Qd8 23. Qb4 Rxc2+ 24. Kd1 Qb6 25. Be3 Qc6 26. Nd4 Qc7 27. Nxf5 gxf5 28. Bf4 Kg8 29.
Bd2 Ng4 30. Re8+ Kh7 31. Qf4 Qc5 32. Rf1 Rxb2 33. Qf3 Qc2+ 0-1

[Event "*** Titled Tuesday Blitz"]
[Site "Chess.com"]
[Date "2020.04.07"]
[Round "8"]
[White "Bathory44"]
[Black "Fianchettoed-Tower"]
[Result "1/2-1/2"]
[WhiteElo "2549"]
[BlackElo "2392"]
[TimeControl "180+1"]
[EndTime "14:33:22 PDT"]
[Termination "Game drawn by repetition"]

1. e4 c5 2. c3 d6 3. d4 Nf6 4. Bd3 g6 5. Nf3 Bg7 6. h3 O-O 7. O-O Qc7 8. d5 e6 9. c4 b5 10. dxe6 Bxe6 11. cxb5 a6 12. Nc3 axb5 13. Nxb5 Qb6 14.
Bf4 c4 15. Bxd6 Qxb5 16. Bxf8 Bxf8 17. Nd4 Qb6 18. Nxe6 Qxe6 19. Bc2 Nc6 20. Re1 Rd8 21. Qc1 Bc5 22. Ba4 Nd4 23. e5 Nh5 24. b3 Nf3+ 25. gxf3 Qxh3 26. Qg5 Ng3 27. Qxd8+ Kg7 28.
Qf6+ Kg8 29. Qd8+ Kg7 30. Qf6+ Kg8 31. Qd8+ 1/2-1/2

[Event "*** Titled Tuesday Blitz"]
[Site "Chess.com"]
[Date "2020.04.07"]
[Round "8"]
[White "Rud_Makarian"]
[Black "Evgeny81"]
[Result "1-0"]
[WhiteElo "2631"]
[BlackElo "2748"]
[TimeControl "180+1"]
[EndTime "14:33:24 PDT"]
[Termination "Rud_Makarian won by resignation"]

1. d4 d5 2. c4 c6 3. Nf3 Nf6 4.
e3 Bf5 5. Nc3 e6 6. Nh4 Be4 7.
f3 Bg6 8. Qb3 Qc7 9. cxd5 cxd5 10.
Bd2 Nc6 11. Nxg6 hxg6 12. O-O-O a6 13. Kb1 Be7 14. Rc1 O-O 15. Qd1 Rfc8 16. h4 b5 17. g4 Nd7 18. g5 Nb6 19. f4 b4 20.
Na4 b3 21. Qxb3 Rab8 22. Nxb6 Rxb6 23. Qa4 Qb7 24. b3 Bb4 25. Bxb4 Nxb4 26. Be2 Rb8 27.
Rc3 Rc8 28. Rhc1 Rxc3 29. Rxc3 Qb8 30. Qd7 Kh7 31. Rc8 Qd6 32. Qe8 1-0

[Event "*** Titled Tuesday Blitz"]
[Site "Chess.com"]
[Date "2020.04.07"]
[Round "8"]
[White "OK97"]
[Black "AlexOstrovskiy"]
[Result "0-1"]
[WhiteElo "2740"]
[BlackElo "2625"]
[TimeControl "180+1"]
[EndTime "14:33:24 PDT"]
[Termination "AlexOstrovskiy won by resignation"]

1. Nf3 e6 2. c4 b6 3. Nc3 Bb7 4. e3 f5 5. d4 Bb4 6. Bd2 Nf6 7. a3 Bxc3 8. Bxc3 O-O 9. b4 Ne4 10. Bb2 d6 11. Be2 Nd7 12. O-O a5 13. Ne1 Qg5 14. f4 Qh6 15. Bf3 g5 16. fxg5 Qxg5 17. Qe2 Ndf6 18. Nd3 Rae8 19. Nf4 e5 20. dxe5 dxe5 21. Nd3 Ng4 22. Bxg4 fxg4 23. Nxe5 g3 24. Nf3 Qh6 25. h3 Nf2 26. Rxf2 gxf2+ 27. Qxf2 Bxf3 28. gxf3 Qxe3 29. Qxe3 Rxe3 30. bxa5 bxa5 31. Bd4 Rexf3 32. Kh2 R8f4 33. Rg1+ Kf8 34. Be5 Rxc4 0-1

[Event "*** Titled Tuesday Blitz"]
[Site "Chess.com"]
[Date "2020.04.07"]
[Round "8"]
[White "Schachspielerr"]
[Black "PowerThinking2650"]
[Result "1-0"]
[WhiteElo "2687"]
[BlackElo "2355"]
[TimeControl "180+1"]
[EndTime "14:33:24 PDT"]
[Termination "Schachspielerr won by checkmate"]

1. d4 Nf6 2. c4 g6 3. Nc3 Bg7 4. e4 d6 5. f3 O-O 6. Be3 a6 7.
Qd2 c6 8. c5 Nbd7 9. cxd6 exd6 10.
Bd3 b5 11. Nge2 c5 12. O-O Bb7 13. Rac1 Re8 14. Bf2 Rc8 15. dxc5 dxc5 16. Bb1 b4 17. Na4 Qa5 18. b3 c4 19. a3 cxb3 20. Qxb4 Qxb4 21. axb4 Bc6 22. Nac3 Ne5 23. Nd4 Bb7 24. Nxb3 Nh5 25. Nc5 Rxc5 26. bxc5 Nf4 27. Rfd1 Nxf3+ 28. gxf3 Bxc3 29. c6 Bxc6 30. Bd3 Ba4 31. Bc2 Ne2+ 32.
Kf1 Bb5 33. Bd3 Bxd3 34. Rxd3 Nxc1 35. Rxc3 Na2 36. Rc4 Rb8 37. Bd4 Nb4 38. Be5 Rb7 39. Rc8# 1-0

[Event "*** Titled Tuesday Blitz"]
[Site "Chess.com"]
[Date "2020.04.07"]
[Round "8"]
[White "kleopl"]
[Black "ecwinslow"]
[Result "1-0"]
[WhiteElo "2383"]
[BlackElo "2173"]
[TimeControl "180+1"]
[EndTime "14:33:24 PDT"]
[Termination "kleopl won on time"]

1. c4 g6 2. Nc3 Bg7 3. g3 d6 4. Bg2 Nf6 5. e4 O-O 6. Nge2 Nbd7 7. O-O e5 8. d3 a6 9. f4 exf4 10. gxf4 Rb8 11. a4 a5 12. Ng3 c6 13. Be3 Re8 14. f5 Ne5 15. h3 Qc7 16. Rc1 Nfd7 17. Bf4 Nf8 18. Kh1 gxf5 19. Nxf5 Bxf5 20. exf5 Nfd7 21.
b3 Nf6 22. d4 Ned7 23. Qf3 Rbd8 24. Rg1 Kh8 25. Bf1 Rg8 26. Bd3 Nb6 27. Rg2 Qe7 28. Re2 Qf8 29. Rce1 Bh6 30. Bh2 d5 31. c5 Nc8 32.
Be5 Bg7 33. Rg2 Re8 34. Reg1 Qe7 35. Qg3 1-0

[Event "*** Titled Tuesday Blitz"]
[Site "Chess.com"]
[Date "2020.04.07"]
[Round "8"]
[White "joshdaruca"]
[Black "enriquetejedor"]
[Result "1-0"]
[WhiteElo "2770"]
[BlackElo "2596"]
[TimeControl "180+1"]
[EndTime "14:33:25 PDT"]
[Termination "joshdaruca won on time"]

1. e4 c5 2. Nc3 Nc6 3. Bb5 Nd4 4. Nf3 e6 5. O-O Ne7 6. Nxd4 cxd4 7. Ne2 a6 8. Ba4 b5 9. Bb3 Nc6 10. d3 Be7 11. f4 O-O 12. Bd2 d6 13. Qe1 Kh8 14.
Qf2 e5 15. f5 Bg5 16. Bxg5 Qxg5 17. f6 g6 18. Bd5 Bb7 19. c3 dxc3 20. bxc3 Na5 21.
Qb6 Bxd5 22. exd5 Qd2 23. Rfe1 Qxd3 24. Qxa5 Qxd5 25. Qb4 Rad8 26. Qh4 Qc5+ 27. Kh1 a5 28. Qh6 Rg8 29. Rac1 Rde8 30. Ng3 Re6 31. Ne4 Qc8 32. Ng5 1-0

[Event "*** Titled Tuesday Blitz"]
[Site "Chess.com"]
[Date "2020.04.07"]
[Round "8"]
[White "nabukatnezarr"]
[Black "GMHess"]
[Result "0-1"]
[WhiteElo "2572"]
[BlackElo "2768"]
[TimeControl "180+1"]
[EndTime "14:33:26 PDT"]
[Termination "GMHess won by resignation"]

1. d4 g6 2. e4 Bg7 3. Nf3 a6 4. c3 d6 5. Bd3 Nd7 6. O-O e6 7. Re1 Ne7 8. a4 h6 9. a5 g5 10. Nfd2 Ng6 11. Nf1 Nf4 12. Bc2 e5 13. Ng3 Nf6 14.
Nf5 Bxf5 15. exf5 O-O 16. dxe5 dxe5 17. Qxd8 Raxd8 18. Rxe5 Nd3 19. Bxd3 Rxd3 20. Re1 Rfd8 21. f3 Bf8 22. Nd2 Rxd2 23. Bxd2 Rxd2 24. Rab1 Rd5 25.
b4 Rxf5 26. c4 Rf4 27. Rec1 g4 28. Rb3 gxf3 29. Rxf3 Rxf3 30. gxf3 Bxb4 31. Rb1 c5 32. Kf2 Kf8 33. Ke3 Ne8 34. Ke4 Bxa5 35. Kd5 Bb4 36. Rb2 a5 37. Ra2 Nc7+ 38. Kd6 Ne6 39. h4 Nd4 40. f4 b5 41. cxb5 Nxb5+ 42. Ke5 Nc3 43. Rd2 Ke7 44. Rd6 a4 45. Rxh6 a3 46. Ra6 a2 47. h5 Na4 48. Ra7+ Kf8 49. Rxa4 a1=Q+ 50. Kd5 0-1

[Event "*** Titled Tuesday Blitz"]
[Site "Chess.com"]
[Date "2020.04.07"]
[Round "8"]
[White "CakeinSpace2002"]
[Black "Chessmatus"]
[Result "0-1"]
[WhiteElo "2185"]
[BlackElo "2381"]
[TimeControl "180+1"]
[EndTime "14:33:28 PDT"]
[Termination "Chessmatus won by resignation"]

1. d4 Nf6 2. Bf4 g6 3. Nc3 d5 4. Qd2 Bg7 5. Bh6 Bxh6 6. Qxh6 Bf5 7. O-O-O Ng4 8. Qh4 e6 9. Qxd8+ Kxd8 10. Nh3 Nd7 11. f3 Ne3 12. g4 Bxc2 13. Rd2 c5 14. Rxc2 Nxc2 15. Kxc2 cxd4 16. Nb5 e5 17. Ng5 Ke7 18. Kd2 h6 19. Nh3 Rhc8 20. Nf2 a6 21. Na3 b5 22. e3 dxe3+ 23. Kxe3 b4 24. Nb1 Rc2 25. Nd3 a5 26. Be2 d4+ 27. Kf2 Rac8 28. Re1 f5 29. gxf5 gxf5 30. Kf1 Kf6 31. Kg1 Rg8+ 32. Kh1 Nc5 33.
Nxc5 Rxc5 34. Bd3 Rgc8 35. Nd2 Rc1 36. Rg1 a4 37. h4 a3 38. bxa3 bxa3 39. Nb3 Rxg1+ 40.
Kxg1 Rc3 41. Be2 Rxb3 0-1

[Event "*** Titled Tuesday Blitz"]
[Site "Chess.com"]
[Date "2020.04.07"]
[Round "8"]
[White "Mbneu"]
[Black "vovachesss"]
[Result "0-1"]
[WhiteElo "2260"]
[BlackElo "2614"]
[TimeControl "180+1"]
[EndTime "14:33:28 PDT"]
[Termination "vovachesss won by checkmate"]

1. d4 c5 2. d5 e5 3. g3 d6 4. Bg2 f5 5. e4 Nf6 6. Nc3 Be7 7. Nge2 O-O 8. O-O fxe4 9. Nxe4 Nxe4 10. Bxe4 Bh3 11. Bg2 Bxg2 12. Kxg2 Nd7 13. Nc3 Qe8 14.
Qg4 Nf6 15. Qe6+ Kh8 16. f4 Qg6 17. Qxe7 Rae8 18. Qxb7 Qxc2+ 19. Rf2 Qd3 20. Qb5 c4 21. Qa4 Ng4 22. Rf3 Qg6 23. Qd1 e4 24. Rf1 e3 25.
Qe2 Rf5 26. Rf3 Rh5 27. h4 Rf8 28. Bxe3 Nf6 29. Rh1 Re8 30. Qf2 Ng4 31. Qg1 Qc2+ 32. Kh3 h6 33. Kxg4 Qf5# 0-1

[Event "*** Titled Tuesday Blitz"]
[Site "Chess.com"]
[Date "2020.04.07"]
[Round "8"]
[White "Mops_2004"]
[Black "VladimirBelous"]
[Result "1-0"]
[WhiteElo "2575"]
[BlackElo "2751"]
[TimeControl "180+1"]
[EndTime "14:33:29 PDT"]
[Termination "Mops_2004 won by checkmate"]

1. Nf3 g6 2. g3 Bg7 3. Bg2 c5 4.
c4 Nc6 5. Nc3 e5 6. a3 Nge7 7.
O-O O-O 8. Rb1 a5 9. Ne1 d6 10. d3 Be6 11. Nc2 f5 12. Bg5 h6 13. Bxe7 Qxe7 14. Ne3 Kh7 15. Ned5 Qf7 16. e3 Rab8 17. Qd2 h5 18. b4 axb4 19. axb4 h4 20. bxc5 dxc5 21. Rb5 Bh6 22. Qb2 e4 23. dxe4 Ne5 24.
exf5 Qxf5 25. Nf4 Bxc4 26. Be4 Qf7 27. Rxc5 Bxf1 28. Rxe5 Bxf4 29. exf4 Bh3 30. Nd5 Kh6 31. Re7 Qg8 32. Qe5 Bf5 33. g4 Rbe8 34. g5+ Kh5 35.
Bf3+ Bg4 36. Bxg4+ Kxg4 37. Qe2+ Kf5 38. Ne3+ Kxf4 39. Qg4# 1-0

[Event "*** Titled Tuesday Blitz"]
[Site "Chess.com"]
[Date "2020.04.07"]
[Round "8"]
[White "GHANDEEVAM2003"]
[Black "SketchyMoves"]
[Result "1-0"]
[WhiteElo "2969"]
[BlackElo "2758"]
[TimeControl "180+1"]
[EndTime "14:33:30 PDT"]
[Termination "GHANDEEVAM2003 won on time"]

1. Nf3 d5 2. c4 c6 3. e3 Nf6 4. Nc3 e6 5. b3 a6 6. Bb2 Be7 7. Qc2 Nbd7 8. Be2 b5 9. g4 h6 10.
Rg1 bxc4 11. bxc4 dxc4 12. h4 a5 13. g5 hxg5 14. hxg5 Nd5 15. Bxc4 Bf8 16. Ne4 Ba6 17. a3 Rh3 18. Nd4 Bxc4 19. Qxc4 Ne5 20. Qf1 Nf3+ 21. Nxf3 Rxf3 22. g6 f6 23. Qe2 Rf5 24. Ng3 Rg5 25.
f4 Rxg6 26. Qh5 Ne7 27. f5 exf5 28. Nxf5 Qd5 29. Rxg6 Qxf5 30. Rg5+ g6 31. Rxf5 gxh5 32. Rxh5 a4 33. Bxf6 Nd5 34. Bd4 O-O-O 35. Ke2 Re8 36. Re5 Rd8 37. Re6 Kd7 38. Re4 Bd6 39.
Be5 Re8 40. Bxd6 1-0